 Dungeon Crawl Stone Soup version 0.28-a0-691-gad6df49e81 (webtiles) character file.

Game seed: 10262310024728901170

3854 Erath the Cutter (level 10, 0/76 HPs)
             Began as a Human Brigand on Oct 20, 2021.
             Was a Believer of Ashenzari.
             Slain by a guardian serpent (18 damage)
             ... on level 1 of the Abyss.
             The game lasted 00:23:16 (9559 turns).

Erath the Cutter (Human Brigand)                    Turns: 9559, Time: 00:23:17

Health: 0/76       AC: 12    Str: 12    XL:     10   Next: 41%
Magic:  18/18      EV: 12    Int: 12    God:    Ashenzari [**....]
Gold:   359        SH:  0    Dex: 17    Spells: 6/20 levels left

rFire   . . .      SeeInvis +   a - +2 dagger of Ashenzari's Sun {Alch, Range} (curse)
rCold   . . .      Faith    .   (no shield)
rNeg    . . .      Spirit   .   h - +3 ring mail of the Sublime Sage {Self, Comp} (curse)
rPois   .          Reflect  .   A - +0 helmet "Gnostic Oblivion" {Alch, Fort} (curse)
rElec   .          Harm     .   c - +0 cloak of the Cursed Insecurity {Comp, Evo} (curse)
rCorr   .          Rampage  .   (no gloves)
Will    .....                   (no boots)
Stlth   +++.......              (no amulet)
HPRegen 0.00/turn               (no ring)
MPRegen 0.16/turn               (no ring)

@: about to teleport, diseased, slowed, very slow
A: no striking features
a: Renounce Religion, Curse Item, Shatter the Chains


You were on level 1 of the Abyss.
You worshipped Ashenzari.
Ashenzari was pleased with you.
You visited 2 branches of the dungeon, and saw 8 of its levels.
You visited the Abyss 1 time.

You collected 359 gold pieces.

Inventory:

Hand Weapons
 a - the cursed +2 dagger of Ashenzari's Sun (weapon) {Alch, Range}

   It has a curse which improves the following skills: Alchemy: Poison Magic and
   Transmutations.
   Ranged Combat: Slings, Bows, Crossbows and Throwing.
 C - a +0 arbalest
Missiles
 d - 45 poisoned darts (quivered)
 e - 7 boomerangs
 E - 5 silver javelins
Armour
 b - a +0 robe
 c - the cursed +0 cloak of the Cursed Insecurity (worn) {Comp, Evo}

   It has a curse which improves the following skills: Companions: Summonings
   and Necromancy.
   Evocations: Evocations.
 h - the cursed +3 ring mail of the Sublime Sage (worn) {Self, Comp}
   (You found it on level 1 of the Dungeon)

   It has a curse which improves the following skills: Introspection: Fighting
   and Spellcasting.
   Companions: Summonings and Necromancy.
 A - the cursed +0 helmet "Gnostic Oblivion" (worn) {Alch, Fort}
   (You found it on level 6 of the Dungeon)

   It has a curse which improves the following skills: Alchemy: Poison Magic and
   Transmutations.
   Fortitude: Armour and Shields.
Jewellery
 i - a ring of magical power
 k - a ring of positive energy
 o - a ring of fire
 F - the ring of Muybudwo {rCorr AC+4 Str+4 Dex+6}
   (You found it on level 1 of the Abyss)

   [ring of protection]

   AC:        It affects your AC (+4).
   Str:       It affects your strength (+4).
   Dex:       It affects your dexterity (+6).
   rCorr:     It protects you from acid and corrosion.
Wands
 q - a wand of charming (3)
 y - a wand of paralysis (5)
 B - a wand of polymorph (9)
Scrolls
 j - a scroll of vulnerability
 m - 3 scrolls of magic mapping
 p - 2 scrolls of identify
 r - 4 scrolls of teleportation
 s - a scroll of summoning
 u - a scroll of silence
 w - 2 scrolls of enchant weapon
 z - a scroll of amnesia
 D - a scroll of brand weapon
Potions
 f - 2 potions of haste
 g - 2 potions of attraction
 l - 3 potions of curing
 n - a potion of mutation
 t - a potion of resistance
 v - 2 potions of heal wounds
 x - a potion of invisibility


   Skills:
 + Level 4.5(5.9) Fighting
 + Level 6.8 Short Blades
 + Level 6.5(8.0) Throwing
 + Level 5.5(6.9) Armour
 + Level 3.5 Dodging
 + Level 6.4 Stealth
 + Level 4.5(5.9) Spellcasting
 - Level 3.0(5.0) Transmutations
 + Level 1.2(2.2) Evocations


You had 6 spell levels left.
You knew the following spells:

 Your Spells              Type           Power      Damage    Failure   Level
a - Wereblood             Tmut           15%        N/A       7%          2
b - Beastly Appendage     Tmut           30%        N/A       4%          1
c - Olgreb's Toxic Radia  Pois           4%         N/A       97%         4
d - Ozocubu's Refrigerat  Ice            1%         4d5       100%        7

Your spell library contained the following spells:

 Spells                   Type           Power      Damage    Failure   Level
 Spider Form              Tmut/Pois      4%         N/A       36%         3
 Frozen Ramparts          Ice            6%         1d2       73%         3
 Ice Form                 Ice/Tmut       9%         N/A       77%         4
 Summon Ice Beast         Ice/Summ       3%         N/A       98%         4
 Ignition                 Fire           1%         3d3       100%        8


Dungeon Overview and Level Annotations

Branches:
Dungeon (7/15)             Temple (1/1) D:4

Altars:
Ashenzari
Cheibriados
Dithmenos
Elyvilon
Fedhas
Hepliaklqana
Kikubaaqudgha
Makhleb
Nemelex Xobeh
Okawaru
Ru
Sif Muna
Trog
Vehumet
Xom
Zin
The Shining One

Shops:
D:2 [   D:6 :*

Annotations:
D:4 NigelTetley's ghost, novice TrFi


Message History

The naga mage shouts!
The naga mage spits poison at you.
The splash of poison hits you but does no damage.
You are poisoned.
You feel sick.
You feel sick.
You feel sick.
You feel sick.
You feel sick.
You are no longer poisoned.
An ancient zyme comes into view.
Found 40 gold pieces.
The ancient zyme barely misses you. x2
You feel yourself growing ill in the presence of the ancient zyme.
The guardian serpent hits you but does no damage.
You feel yourself growing ill in the presence of the ancient zyme.
The guardian serpent casts a spell at you.
You feel yourself slow down.
The guardian serpent coils itself and waves its upper body at you.
The salamander blinks!
The ancient zyme blinks!
Okay, then.
You remove the ring of Muybudwo {rCorr AC+4 Str+4 Dex+6}.
The ancient zyme hits you! The ancient zyme barely misses you.
The guardian serpent barely misses you.
The salamander hits you with a +0 halberd!
You are engulfed in flames!
Unknown command.
You aren't wearing any rings or amulets.
As you read the scroll of teleportation, it crumbles to dust.
You feel strangely unstable.
You feel the power of the Abyss delaying your translocation!
The guardian serpent casts a spell at you.
The ancient zyme barely misses you. The ancient zyme closely misses you.
You feel ill.
The naga mage mumbles some strange words.
The naga mage seems to speed up.
The salamander hits you with a +0 halberd!
You are engulfed in flames!
* * * LOW HITPOINT WARNING * * *
The guardian serpent hits you!!
You die...

* #..#.#N#
...#.#.##.#* , #
.#N.#..#####..##..
#.#..S...#......
.. , *
,.#.#.##,#...### #
* * , * , .#{#...#
.,, **# ,*
##.#...#.## , .
,###..##{#N####.#*
, #...
...#x#...#,, # ,
#..####@N# , , * ,
##.#...S### , *. ,
#....#§## , ≈ ,
#....##..# **,,* *
* , ....##..### ,
* ### #.. *≈* , ,
*,.,$.## * * *
*.#.#. ≈≈, * * *
*,.. #* , ,


You could see a salamander, an ancient zyme, a guardian serpent and a naga mage
(fast).

Vanquished Creatures
  A two-headed ogre (D:4)
  Pikel (D:5)
  Grinder (D:5)
  Sigmund (D:5)
  A wraith (D:6)
  3 yaks (D:7)
  Duvessa (D:4)
  An ice beast (D:5)
  A necrophage (D:6)
  3 ogres
  A centaur (D:7)
  2 lemures (D:5)
  2 bullfrogs
  2 scorpions (D:4)
  A wyvern skeleton (D:7)
  Dowan (D:4)
  A howler monkey (D:7)
  A centaur zombie (D:7)
  3 hounds
  A gnoll shaman (D:4)
  2 orc priests
  2 centaur skeletons
  A jelly (D:6)
  2 bullfrog skeletons (D:5)
  4 iguanas
  3 orc wizards
  4 gnolls (D:4)
  A howler monkey zombie (D:5)
  A howler monkey skeleton (D:5)
  5 adders
  A shadow imp (D:6)
  2 white imps (D:6)
  2 worms
  4 dart slugs
  7 orcs
  2 bats
  9 endoplasms
  3 giant cockroaches
  12 hobgoblins
  3 quokkas
  4 ball pythons
  A frilled lizard (D:1)
  12 goblins
  5 kobolds
  5 rats
126 creatures vanquished.

Vanquished Creatures (collateral kills)
  A yak (D:7)
  2 orcs (D:7)
3 creatures vanquished.

Vanquished Creatures (others)
  A yak (D:7)
  A lemure (D:5)
2 creatures vanquished.

Grand Total: 131 creatures vanquished

Notes
Turn   | Place    | Note
-------+----------+-------------------------------------------
     0 | D:1      | Erath the Human Brigand began the quest for the Orb.
     0 | D:1      | Reached XP level 1. HP: 16/16 MP: 1/1
   346 | D:1      | Reached XP level 2. HP: 22/22 MP: 2/2
   395 | D:1      | Found a faded altar of an unknown god.
   741 | D:1      | Reached XP level 3. HP: 27/27 MP: 3/3
   810 | D:1      | Learned a level 2 spell: Wereblood
   981 | D:2      | Found Xiog's Antique Armour Boutique.
  1202 | D:2      | Reached skill level 5 in Stealth
  1202 | D:2      | Reached XP level 4. HP: 7/33 MP: 4/4
  1342 | D:2      | Learned a level 1 spell: Beastly Appendage
  2145 | D:3      | Reached skill level 1 in Armour
  2364 | D:3      | Noticed an ogre
  2450 | D:3      | HP: 1/34 [ogre (13)]
  2964 | D:3      | Killed an ogre
  2965 | D:3      | Reached XP level 5. HP: 21/39 MP: 4/6
  3527 | D:4      | Found a staircase to the Ecumenical Temple.
  3539 | D:4      | Reached XP level 6. HP: 45/46 MP: 7/7
  3541 | D:4      | Noticed a two-headed ogre
  3575 | Temple   | Entered the Ecumenical Temple
  3644 | Temple   | Became a worshipper of Ashenzari the Shackled
  3999 | D:4      | Noticed an ogre
  4015 | D:4      | Killed an ogre
  4016 | D:4      | Reached skill level 1 in Spellcasting
  4016 | D:4      | Reached skill level 1 in Transmutations
  4216 | D:4      | Reached XP level 7. HP: 45/51 MP: 7/9
  4720 | D:4      | Killed a two-headed ogre
  4721 | D:4      | Reached skill level 5 in Throwing
  4721 | D:4      | Reached XP level 8. HP: 58/58 MP: 11/11
  4868 | D:5      | Entered Level 5 of the Dungeon
  4877 | D:5      | Noticed Grinder
  4884 | D:5      | Killed Grinder
  5084 | D:5      | Noticed Pikel
  5140 | D:5      | Killed Pikel
  5141 | D:5      | Reached skill level 1 in Evocations
  5141 | D:5      | Reached XP level 9. HP: 28/65 MP: 10/13
  5463 | D:5      | Found a runed translucent gate.
  5464 | D:5      | Found a runed translucent gate.
  5464 | D:5      | Found a runed translucent gate.
  5465 | D:5      | Noticed Sigmund
  5984 | D:4      | Reached * piety under Ashenzari
  6252 | D:4      | Noticed Duvessa
  6252 | D:4      | Noticed Dowan
  6259 | D:4      | Killed Dowan
  6303 | D:4      | Killed Duvessa
  7011 | D:5      | Reached skill level 5 in Short Blades
  7025 | D:5      | Noticed NigelTetley's ghost (novice TrFi)
  7087 | D:5      | Killed Sigmund
  7896 | D:5      | Identified the +3 scale mail of Weak Lucidity {Str+6}
  7960 | D:6      | Found Fehahaem's Book Shop.
  7980 | D:6      | Reached ** piety under Ashenzari
  8084 | D:6      | Found a white marble altar of Elyvilon.
  8254 | D:6      | Reached skill level 5 in Armour
  8254 | D:6      | Reached XP level 10. HP: 74/74 MP: 17/17
  8272 | D:6      | Found Caxaomem's General Store.
  8288 | D:6      | Found a hazy altar of Hepliaklqana.
  8392 | D:6      | Found a glowing silver altar of Zin.
  8558 | D:7      | Identified the cursed +0 helmet "Gnostic Oblivion" {Alch,
                  | Fort} (You found it on level 6 of the Dungeon)
  9105 | D:7      | Learned a level 4 spell: Olgreb's Toxic Radiance
  9113 | D:7      | Learned a level 7 spell: Ozocubu's Refrigeration
  9459 | D:7      | Cast into level 1 of the Abyss (orc wizard)
  9505 | Abyss:1  | Identified the ring of Muybudwo {rCorr AC+4 Str+4 Dex+6}
  9538 | Abyss:1  | Noticed a salamander
  9542 | Abyss:1  | Noticed a naga warrior
  9542 | Abyss:1  | Noticed a guardian serpent
  9544 | Abyss:1  | Noticed a naga mage
  9559 | Abyss:1  | Slain by a guardian serpent

Illustrated notes

Levels and vault maps discovered:
D:1:      dpeg_arrival_solitude, layout_rooms, hellmonk_ecumenical_altar_blasted
D:2:      layout_rooms, serial_shops, nicolae_shop_trees, fountainhead
D:3:      layout_loops_cross, minivault_23
D:4:      layout_cave_pods, minmay_temple_entry_junction_2, uniq_duvessa
D:5:      layout_loops_ring, gammafunk_ghost_necromancy, uniq_sigmund,
          uniq_grinder, uniq_pikel
D:6:      layout_rooms, lemuel_crystal_altar, zin_statuary,
          mainiacjoe_overflow_small_starburst, serial_shops,
          nicolae_take_the_stairs, shop
D:7:      layout_basic, serial_bayou_pond_a, grunt_ogre_cave,
          kennysheep_cross_bottleneck, nicolae_evil_shop
Temple:   eino_temple_water
Abyss:1:  base: D:7, evilmike_abyss_exit_4

Skill      XL: |  1  2  3  4  5  6  7  8  9 10 |
---------------+-------------------------------+-----
Stealth        | 5 6 |  6.4
Armour         | 1 2 3 4 5 |  5.5
Short Blades   | 3 4 5 6 |  6.8
Spellcasting   | 1 2 3 4 |  4.5
Transmutations | 1 2 3 |  3.0
Throwing       | 3 5 6 |  6.5
Fighting       | 3 4 |  4.5
Dodging        | 2 3 |  3.5
Evocations     | 1 |  1.2

Action                   |  1- 3 |  4- 6 |  7- 9 | 10-12 || total
-------------------------+-------+-------+-------+-------++-------
Melee: Dagger            |   130 |   122 |   221 |   115 ||   588
       Kick              |       |     9 |    45 |    26 ||    80
       Headbutt          |       |     5 |    30 |    17 ||    52
Throw: Dart              |     5 |    35 |    51 |     3 ||    94
       Throwing net      |       |       |     1 |       ||     1
 Cast: Beastly Appendage |       |    11 |    19 |     8 ||    38
       Wereblood         |       |       |     9 |     6 ||    15
Invok: Curse Item        |       |       |     3 |     1 ||     4
Evoke: Wand              |       |       |     8 |     1 ||     9
  Use: Scroll            |       |     1 |       |     1 ||     2
       Potion            |       |       |     1 |       ||     1
 Stab: Sleeping          |     5 |     6 |     8 |     1 ||    20
       Paralysed         |       |       |     1 |       ||     1
Armor: Ring mail         |    63 |    43 |    70 |    27 ||   203
       Robe              |     1 |       |       |       ||     1
Dodge: Dodged            |    59 |    51 |    88 |    55 ||   253

Table legend: (Time is in decaauts)
 A = Elapsed time spent in this place.
 B = Non-inter-level travel time spent in this place.
 C = Inter-level travel time spent in this place.
 D = Time resting spent in this place.
 E = Time spent auto-exploring this place.
 F = Levels seen in this place.
 G = Mean time per level.
                   A        B        C        D        E       F      G
               +--------+--------+--------+--------+--------+-----+--------+
         Total |   9431 |   9074 |    357 |   1632 |   5298 |   9 | 1047.9 |
       Dungeon |   9109 |   8753 |    356 |   1632 |   5130 |   7 | 1301.3 |
        Temple |    222 |    221 |      1 |      0 |    167 |   1 |  222.0 |
         Abyss |     99 |     99 |      0 |      0 |      1 |   1 |   99.0 |
               +--------+--------+--------+--------+--------+-----+--------+

Top non-repeatable levels by time:
     D:4: 2391 daAuts
     D:3: 1660 daAuts
     D:2: 1495 daAuts
     D:5: 1178 daAuts
     D:7: 953 daAuts
     D:1: 892 daAuts
     D:6: 537 daAuts
  Temple: 222 daAuts
 Abyss:1: 99 daAuts
